 Dungeon Crawl Stone Soup version 0.29.1-1-gd02db6906a (webtiles) character file.

Game seed: 7957341467375750137

1151 xian the Covered (level 8, -5/63 HPs)
             Began as a Minotaur Wanderer on Oct 19, 2022.
             Was an Initiate of Makhleb.
             Killed from afar by an electric eel (8 damage)
             ... with a bolt of electricity
             ... on level 6 of the Dungeon.
             The game lasted 00:10:57 (6427 turns).

xian the Covered (Minotaur Wanderer)                Turns: 6427, Time: 00:10:59

Health: -5/63      AC: 10    Str: 21    XL:     8   Next: 15%
Magic:  8/8        EV:  7    Int:  8    God:    Makhleb [......]
Gold:   343        SH: 11    Dex:  9    Spells: 8/9 levels left

rFire   + . .      SeeInvis .   p - +1 dagger of Melee {drain, Will+ rCorr}
rCold   . . .      Faith    .   C - +0 tower shield
rNeg    + . .      Spirit   .   u - +1 scale mail {rF+}
rPois   .          Reflect  .   (helmet restricted)
rElec   .          Harm     .   (no cloak)
rCorr   +          Rampage  .   e - +0 pair of gloves
Will    +....                   (no boots)
Stlth   ..........              (no amulet)
HPRegen 0.20/turn               s - ring of positive energy
MPRegen 0.11/turn               (no ring)

@: no status effects
A: horns 2, retaliatory headbutt
a: Renounce Religion


You were on level 6 of the Dungeon.
You worshipped Makhleb.
Makhleb was noncommittal.
You visited 1 branch of the dungeon, and saw 6 of its levels.

You collected 343 gold pieces.

Inventory:

Hand Weapons
 p - the +1 dagger of Melee (weapon) {drain, Will+ rCorr}
   (You found it on level 4 of the Dungeon)

   A truly terrible weapon, it drains the life of any living foe it strikes.
   rCorr:     It protects you from acid and corrosion.
   Will:      It increases your willpower.
Missiles
 b - 3 throwing nets
 h - 13 poisoned darts (quivered)
Armour
 e - a +0 pair of gloves (worn)
 u - a +1 scale mail of fire resistance (worn)
 C - a +0 tower shield (worn)
Magical Staves
 m - a staff of conjuration
Jewellery
 s - a ring of positive energy (left hand)
Wands
 v - a wand of paralysis (9)
Scrolls
 a - 8 scrolls of identify {unknown}
 c - a scroll of silence
 d - a scroll of blinking
 f - 4 scrolls of magic mapping {unknown}
 g - 2 scrolls of torment {unknown}
 j - 2 scrolls of enchant armour {unknown}
 l - a scroll of teleportation {unknown}
 o - 3 scrolls of butterflies {unknown}
 w - a scroll of immolation {unknown}
 x - a scroll of amnesia {unknown}
 y - a scroll of enchant weapon {unknown}
 B - a scroll of noise {unknown}
Potions
 i - a potion of resistance {unknown}
 k - a potion of lignification {unknown}
 q - a potion of degeneration {unknown}
 r - 2 potions of ambrosia {unknown}
 t - a potion of brilliance {unknown}
 z - a potion of attraction {unknown}
 A - 3 potions of haste {unknown}


   Skills:
 + Level 3.3 Fighting
 + Level 4.1 Short Blades
 + Level 4.3 Throwing
 + Level 6.7 Armour
 + Level 4.5 Dodging
 + Level 0.3 Stealth
 + Level 3.0 Shields
 + Level 1.2 Spellcasting
 + Level 1.0 Conjurations
 + Level 1.2 Fire Magic
 + Level 1.0 Evocations


You had 8 spell levels left.
You knew the following spells:

 Your Spells              Type           Power      Damage    Failure   Level
a - Foxfire               Conj/Fire      8%         2x1d4     100%        1

Your spell library contained the following spells:

 Spells                   Type           Power      Damage    Failure   Level
 Apportation              Tloc           0%         N/A       100%        1
 Necrotise                Necr           0%         1d4       100%        1
 Summon Small Mammal      Summ           0%         N/A       100%        1
 Blink                    Tloc           0%         N/A       100%        2
 Static Discharge         Conj/Air       1%         3-4/arc   100%        2
 Gell's Gravitas          Tloc           0%         N/A       100%        3
 Ignite Poison            Fire/Tmut/Pois 1%         N/A       100%        3
 Inner Flame              Hex/Fire       1%         N/A       100%        3
 Lesser Beckoning         Tloc           0%         N/A       100%        3
 Mephitic Cloud           Conj/Pois/Air  1%         N/A       100%        3
 Portal Projectile        Hex/Tloc       0%         N/A       100%        3
 Teleport Other           Tloc           0%         N/A       100%        3
 Tukima's Dance           Hex            0%         N/A       100%        3
 Dispel Undead            Necr           0%         3d6       100%        4
 Sticky Flame             Conj/Fire      2%         2d3       100%        4
 Blade Hands              Tmut           0%         N/A       100%        5
 Freezing Cloud           Conj/Ice/Air   0%         6-21      100%        5
 Manifold Assault         Tloc           0%         N/A       100%        5
 Storm Form               Tmut/Air       0%         N/A       100%        7


Dungeon Overview and Level Annotations

Branches:
Dungeon (6/15)
 Temple: D:4-7

Altars:
Makhleb
Yredelemnul

Shops:
D:1 [


Innate Abilities, Weirdness & Mutations

You have a pair of horns on your head.
You reflexively headbutt those who attack you in melee.


Message History

There is an open door here.
Found a stone staircase leading down.
You see here a +1 scale mail of fire resistance.
u - a +1 scale mail of fire resistance You start removing your armour.
You continue taking off your +0 chain mail. x4
You finish taking off your +0 chain mail.
You start putting on your armour.
You continue putting on your +1 scale mail of fire resistance. x5
You finish putting on your +1 scale mail of fire resistance.
You feel resistant to fire.
You drop a +0 chain mail.
Found a helmet.
An electric eel comes into view.
You start waiting.
Done waiting.
The electric eel shoots out a bolt of lightning at you!
The bolt of electricity hits you!
The electric eel shoots out a bolt of lightning at you!
The bolt of electricity hits you!
You barely miss the electric eel. You miss the electric eel.
Your headbutt misses the electric eel.
The electric eel shoots out a bolt of lightning at you!
The bolt of electricity hits you. The bolt of electricity hits you!
The bolt of electricity hits the electric eel.
The electric eel completely resists.
You hit the electric eel.
The electric eel is lightly wounded.
The electric eel shoots out a bolt of lightning at you!
The bolt of electricity hits you. The bolt of electricity hits you!
* * * LOW HITPOINT WARNING * * *
The bolt of electricity hits the electric eel.
The electric eel completely resists.
You barely miss the electric eel. You headbutt the electric eel!
The electric eel is almost dead.
The electric eel shoots out a bolt of lightning at you!
The bolt of electricity hits you!
* * * LOW HITPOINT WARNING * * *
The bolt of electricity hits you!
You die...

....... #. ♣~♣ .......
#.#######.. ......
..........# ##....#
#^........# ......#
.#..~~~~...#
..#.#.#..#..~~~~8..# #
#.........~~~S...###
###<............@....#
....................##
...#.......#####..###
...##....###.[#...#
...# ....#.#......#
...# .............#
### ...#
.#......##.####.##
.....
.##.....######...####
....#
#......##.###.....###


You could see an electric eel.

Vanquished Creatures
  Sigmund (D:4)
  An acid dragon (D:6)
  A sky beast (D:6)
  An ice beast (D:5)
  A phantom (D:5)
  A necrophage (D:5)
  3 scorpions
  A hound (D:5)
  2 jellies (D:5)
  Ijyb (D:4)
  Natasha (thrice) (D:4)
  5 gnolls
  6 adders
  3 worms
  2 dart slugs
  6 orcs
  9 bats
  An endoplasm (D:1)
  2 giant cockroaches
  9 hobgoblins
  4 jackals (D:2)
  6 quokkas
  6 ball pythons
  7 goblins
  9 kobolds
  3 rats (D:1)
94 creatures vanquished.

Vanquished Creatures (others)
  23 foxfires
  A fungus (D:1)
  A plant (D:1)
25 creatures vanquished.

Grand Total: 119 creatures vanquished

Notes
Turn   | Place    | Note
-------+----------+-------------------------------------------
     0 | D:1      | xian the Minotaur Wanderer began the quest for the Orb.
     0 | D:1      | xian set off with the following items: a +0 club, 2
                  | throwing nets, a scroll of silence, a scroll of blinking, a
                  | +0 leather armour; and the following spell memorised:
                  | Foxfire; and the following spells available to memorise:
                  | Inner Flame.
     0 | D:1      | Reached XP level 1. HP: 16/16 MP: 1/1
    44 | D:1      | Found Abragh's Armour Shoppe.
   235 | D:1      | Reached XP level 2. HP: 20/23 MP: 0/2
   958 | D:1      | Reached XP level 3. HP: 25/28 MP: 3/3
  1765 | D:2      | Reached skill level 2 in Armour
  2114 | D:2      | Reached XP level 4. HP: 36/36 MP: 4/4
  2134 | D:2      | Found a basalt altar of Yredelemnul.
  2767 | D:3      | Reached skill level 1 in Conjurations
  2770 | D:3      | Reached skill level 1 in Short Blades
  3730 | D:4      | Noticed Natasha
  3744 | D:4      | Killed Natasha
  3745 | D:4      | Reached skill level 3 in Armour
  3745 | D:4      | Reached XP level 5. HP: 5/41 MP: 5/5
  4048 | D:4      | Noticed Ijyb
  4048 | D:4      | Paralysed by Ijyb for 5 turns
  4060 | D:4      | Paralysed by Ijyb for 4 turns
  4068 | D:4      | Killed Ijyb
  4316 | D:4      | Reached skill level 4 in Armour
  4316 | D:4      | Identified the +1 dagger of Melee {drain, Will+ rCorr}
  4322 | D:4      | Reached XP level 6. HP: 17/49 MP: 6/6
  4575 | D:4      | Noticed Natasha
  4584 | D:4      | Killed Natasha
  4728 | D:4      | Noticed Natasha
  4733 | D:4      | Killed Natasha
  4898 | D:4      | Noticed Sigmund
  4908 | D:4      | Killed Sigmund
  4909 | D:4      | Reached skill level 5 in Armour
  4909 | D:4      | Reached skill level 1 in Shields
  5109 | D:5      | Entered Level 5 of the Dungeon
  5118 | D:5      | Reached XP level 7. HP: 55/56 MP: 7/7
  5445 | D:5      | Reached skill level 6 in Armour
  6143 | D:6      | Reached XP level 8. HP: 59/63 MP: 8/8
  6249 | D:6      | Found a burning altar of Makhleb.
  6252 | D:6      | Became a worshipper of Makhleb the Destroyer
  6427 | D:6      | HP: 3/63 [electric eel/bolt of electricity (15)]
  6427 | D:6      | Killed from afar by an electric eel

Illustrated notes

Levels and vault maps discovered:
D:1:      eino_arrival_water_star, layout_basic, serial_forest,
          infiniplex_forest_zigzag_1, infiniplex_forest_lined_2,
          infiniplex_forest_end_2, infiniplex_forest_clump_long,
          infiniplex_forest_lined_1, infiniplex_forest_straight_1,
          infiniplex_forest_clump_curved, infiniplex_forest_straight_2,
          serial_shops, shop, chequers_arboretum, dreamdust_mushroom_princess
D:2:      layout_loops_cross, basic_altar, minmay_tromino_mix6
D:3:      layout_loops_ring, kennysheep_donut
D:4:      layout_loops_ring, uniq_natasha, uniq_sigmund, uniq_ijyb
D:5:      layout_cave_pods, serial_park, serial_park_square3
          [serial_park_minivault_5x5_7], serial_park_tiny_pond,
          serial_park_fountain, serial_park_gazebo [serial_park_minivault_5x5_2]
D:6:      layout_cave_pools, kennysheep_mini, minivault_5, roderic_malta_cross,
          minmay_misc_feat_doors, serial_bayou_ford_a, serial_park_tiny_pond

Skill      XL: |  1  2  3  4  5  6  7  8 |
---------------+-------------------------+-----
Dodging        | 4 |  4.5
Armour         | 2 3 4 5 6 |  6.7
Fighting       | 2 3 |  3.3
Conjurations   | 1 |  1.0
Short Blades   | 1 2 3 4 |  4.1
Throwing       | 3 4 |  4.3
Shields        | 1 2 3 |  3.0
Stealth        | |  0.3
Spellcasting   | |  1.2
Fire Magic     | |  1.2
Evocations     | |  1.0

Action                   |  1- 3 |  4- 6 |  7- 9 || total
-------------------------+-------+-------+-------++-------
Melee: Club              |    12 |       |       ||    12
       Headbutt          |    16 |    28 |    24 ||    68
       Short sword       |    61 |    85 |       ||   146
       Punch             |     1 |       |       ||     1
       Dagger            |       |    78 |   102 ||   180
Throw: Dart              |       |    23 |    18 ||    41
 Cast: Foxfire           |    16 |       |       ||    16
  Use: Potion            |       |     1 |       ||     1
Armor: Leather armour    |    23 |       |       ||    23
       Chain mail        |       |    87 |    58 ||   145
Dodge: Dodged            |    57 |    66 |    19 ||   142
Block: Kite shield       |       |    15 |    27 ||    42
       Tower shield      |       |       |     9 ||     9
